DSL
DSL OAKLAND ATHLETICS @ DSL CHICAGO (N) CUBS
07/27/2041
 
TOP OF THE 1ST
DSL Oakland Athletics batting - Pitching for DSL Chicago (N) Cubs : RHP António Trejo
Pitching: RHP António Trejo
Batting: LHB Jesús Cruz 0-0: Ball
1-0: Foul Ball, location: 23FF
1-1: Swinging Strike
1-2: Strikes out swinging
Batting: LHB Pete Shipman 0-0: Called Strike
0-1: Ball
1-1: Ball
2-1: Foul Ball, location: 7LSF
2-2: Strikes out swinging
Batting: RHB Doug Dundee 0-0: Ball
1-0: Ball
2-0: Called Strike
2-1: Foul Ball, location: 2F
2-2: Foul Ball, location: 2F
2-2: Ball
3-2: Ground out 5-3 (Groundball, 56, EV 84.4 MPH)
Top of the 1st over - 0 runs, 0 hits, 0 errors, 0 left on base; DSL Oakland 0 - DSL Chicago (N) 0
BOTTOM OF THE 1ST
DSL Chicago (N) Cubs batting - Pitching for DSL Oakland Athletics : RHP Ismael Guerrero
Pitching: RHP Ismael Guerrero
Batting: LHB José Velázquez 0-0: Called Strike
0-1: Foul Ball, location: 25FF
0-2: Strikes out looking
Batting: RHB Cisco Hernández 0-0: Foul Ball, location: 5DF
0-1: Swinging Strike
0-2: Hit by Pitch
Batting: RHB Cristián Rivera 0-0: Ball
1-0: Foul Ball, location: 2LF
1-1: Foul Ball, location: 2F
1-2: Foul Ball, location: 9LMF
1-2: Strikes out swinging
Batting: RHB Ernesto Salas 0-0: Called Strike
0-1: Swinging Strike
0-2: Ball
1-2: Strikes out swinging
Bottom of the 1st over - 0 runs, 0 hits, 0 errors, 1 left on base; DSL Oakland 0 - DSL Chicago (N) 0
TOP OF THE 2ND
DSL Oakland Athletics batting - Pitching for DSL Chicago (N) Cubs : RHP António Trejo
Batting: LHB Horst Hinkamp 0-0: Ball
1-0: Called Strike
1-1: Ball
2-1: Swinging Strike
2-2: Ground out 4-3 (Groundball, 4, EV 104.4 MPH)
Batting: RHB Xavier Johnson 0-0: Called Strike
0-1: Ball
1-1: Foul Ball, location: 2F
1-2: Strikes out swinging
Batting: RHB José Alfaro 0-0: Called Strike
0-1: Foul Ball, location: 2F
0-2: Ball
1-2: Ball
2-2: Ball
3-2: Base on Balls
Batting: RHB Juan Sierra 0-0: Called Strike
0-1: 2-RUN HOME RUN (Flyball, 8RXD, EV 113.1 MPH), Distance : 468 ft
Batting: RHB Luis Medina 0-0: Ball
1-0: Ground out 6-3 (Groundball, 6M, EV 103.1 MPH)
Top of the 2nd over - 2 runs, 1 hit, 0 errors, 0 left on base; DSL Oakland 2 - DSL Chicago (N) 0
BOTTOM OF THE 2ND
DSL Chicago (N) Cubs batting - Pitching for DSL Oakland Athletics : RHP Ismael Guerrero
Batting: LHB Leonardo González 0-0: Called Strike
0-1: Foul Ball, location: 2F
0-2: Ball
1-2: Strikes out swinging
Batting: RHB Alfredo Mercado 0-0: Foul Ball, location: 2RF
0-1: Ball
1-1: Ground out 6-3 (Groundball, 56, EV 109.4 MPH)
Batting: LHB Anastasio Gutiérrez 0-0: Ball
1-0: Ball
2-0: Foul Ball, location: 2F
2-1: Ball
3-1: Called Strike
3-2: Strikes out swinging passed ball, reaches first!
Batting: RHB Alfredo Hernández 0-0: Ball
1-0: Ball
2-0: Fly out, F8 (Flyball, 8LD, EV 90.6 MPH)
Bottom of the 2nd over - 0 runs, 0 hits, 0 errors, 1 left on base; DSL Oakland 2 - DSL Chicago (N) 0
TOP OF THE 3RD
DSL Oakland Athletics batting - Pitching for DSL Chicago (N) Cubs : RHP António Trejo
Batting: RHB José Benítez 0-0: Ball
1-0: Called Strike
1-1: Ball
2-1: Ball
3-1: Foul Ball, location: 9LSF
3-2: Foul Ball, location: 2F
3-2: Strikes out swinging
Batting: LHB Jesús Cruz 0-0: Ball
1-0: Reached via error on a dropped throw from 1B, E1 (Groundball, 34, EV 105.6 MPH)
Batting: LHB Pete Shipman 0-0: Called Strike
Jesús Cruz steals 2nd base
0-1: Ground out 1-3 (Groundball, 13S, EV 69.4 MPH)
Jesús Cruz to third
Batting: RHB Doug Dundee 0-0: Called Strike
0-1: Ball
1-1: Swinging Strike
1-2: Ground out 4-3 (Groundball, 34, EV 106.9 MPH)
Top of the 3rd over - 0 runs, 0 hits, 1 error, 1 left on base; DSL Oakland 2 - DSL Chicago (N) 0
BOTTOM OF THE 3RD
DSL Chicago (N) Cubs batting - Pitching for DSL Oakland Athletics : RHP Ismael Guerrero
Batting: LHB Jesús Solís 0-0: Ball
1-0: Ball
2-0: Called Strike
2-1: Called Strike
2-2: Fly out, F2 (Popup, 23F, EV 85.0 MPH)
Batting: LHB José Velázquez 0-0: Ball
1-0: Ball
2-0: Called Strike
2-1: Swinging Strike
2-2: Foul Ball, location: 3F
2-2: Ball
3-2: Strikes out swinging
Batting: RHB Cisco Hernández 0-0: Called Strike
0-1: Swinging Strike
0-2: Ball
1-2: Foul Ball, location: 3F
1-2: Strikes out swinging
Bottom of the 3rd over - 0 runs, 0 hits, 0 errors, 0 left on base; DSL Oakland 2 - DSL Chicago (N) 0
TOP OF THE 4TH
DSL Oakland Athletics batting - Pitching for DSL Chicago (N) Cubs : RHP António Trejo
Batting: LHB Horst Hinkamp 0-0: Called Strike
0-1: Called Strike
0-2: Foul Ball, location: 3DF
0-2: Ball
1-2: Ball
2-2: Strikes out swinging
Batting: RHB Xavier Johnson 0-0: Fly out, F9 (Flyball, 89S, EV 97.5 MPH)
Batting: RHB José Alfaro 0-0: Foul Ball, location: 2F
0-1: Ball
1-1: Swinging Strike
1-2: Strikes out looking
Top of the 4th over - 0 runs, 0 hits, 0 errors, 0 left on base; DSL Oakland 2 - DSL Chicago (N) 0
BOTTOM OF THE 4TH
DSL Chicago (N) Cubs batting - Pitching for DSL Oakland Athletics : RHP Ismael Guerrero
Batting: RHB Cristián Rivera 0-0: Ground out 2-3 (Groundball, 15S, EV 69.4 MPH)
Batting: RHB Ernesto Salas 0-0: Ball
1-0: Called Strike
1-1: Foul Ball, location: 2F
1-2: Strikes out swinging
Batting: LHB Leonardo González 0-0: SOLO HOME RUN (Flyball, 8LXD, EV 113.1 MPH), Distance : 468 ft
Batting: RHB Alfredo Mercado 0-0: Foul Ball, location: 9LMF
0-1: Ball
1-1: Ball
2-1: Ball
3-1: Foul Ball, location: 3FF
3-2: Strikes out swinging
Bottom of the 4th over - 1 run, 1 hit, 0 errors, 0 left on base; DSL Oakland 2 - DSL Chicago (N) 1
TOP OF THE 5TH
DSL Oakland Athletics batting - Pitching for DSL Chicago (N) Cubs : RHP António Trejo
Batting: RHB Juan Sierra 0-0: Called Strike
0-1: Ball
1-1: Fly out, F8 (Flyball, 78M, EV 81.3 MPH)
Batting: RHB Luis Medina 0-0: Ball
1-0: Called Strike
1-1: Foul Ball, location: 2F
1-2: Ball
2-2: Strikes out swinging
Batting: RHB José Benítez 0-0: Called Strike
0-1: Called Strike
0-2: Strikes out swinging
Top of the 5th over - 0 runs, 0 hits, 0 errors, 0 left on base; DSL Oakland 2 - DSL Chicago (N) 1
BOTTOM OF THE 5TH
DSL Chicago (N) Cubs batting - Pitching for DSL Oakland Athletics : RHP Ismael Guerrero
Batting: LHB Anastasio Gutiérrez 0-0: Ball
1-0: Called Strike
1-1: Foul Ball, location: 7LDF
1-2: Ball
2-2: Ball
3-2: Base on Balls
Batting: RHB Alfredo Hernández 0-0: Bunted foul
0-1: Swinging Strike
0-2: SINGLE (Groundball, 6MD, EV 101.9 MPH)
Anastasio Gutiérrez to second
Runner from 2nd tries for 3rd, SAFE, throw by CF made to third
Batting: LHB Jesús Solís 0-0: Grounds into double play, 4-6-3 (Groundball, 4, EV 80.6 MPH)
Anastasio Gutiérrez scores
Batting: LHB José Velázquez 0-0: Called Strike
0-1: Bunted foul
0-2: Ball
1-2: Ball
2-2: TRIPLE (Flyball, 78D, EV 100.6 MPH)
Batting: RHB Cisco Hernández 0-0: Fly out, F7 (Flyball, 78S, EV 79.4 MPH)
Bottom of the 5th over - 1 run, 2 hits, 0 errors, 1 left on base; DSL Oakland 2 - DSL Chicago (N) 2
TOP OF THE 6TH
DSL Oakland Athletics batting - Pitching for DSL Chicago (N) Cubs : RHP António Trejo
Batting: LHB Jesús Cruz 0-0: Called Strike
0-1: DOUBLE (Line Drive, 3D, EV 108.8 MPH)
Batting: LHB Pete Shipman 0-0: Ball
1-0: Ball
2-0: Bunt missed!
2-1: Bunted foul
2-2: Foul Ball, location: 3F
2-2: Hit by Pitch
Batting: RHB Doug Dundee 0-0: Foul Ball, location: 7LDF
0-1: Ball
1-1: Ball
2-1: Swinging Strike
2-2: Ball
3-2: DOUBLE (Line Drive, 9LD, EV 105.6 MPH)
Jesús Cruz scores
Pete Shipman to third
Batting: LHB Horst Hinkamp 0-0: Foul Ball, location: 3SF
0-1: Ball
1-1: Foul Ball, location: 2F
1-2: Ball
2-2: Ball
3-2: Foul Ball, location: 7LDF
3-2: Base on Balls
Batting: RHB Xavier Johnson 0-0: Ball
1-0: Foul Ball, location: 9LSF
1-1: Fly out, F9 (Line Drive, 9S, EV 103.8 MPH)
Batting: RHB José Alfaro 0-0: Called Strike
0-1: DOUBLE (Line Drive, 78D, EV 110.0 MPH)
Pete Shipman scores
Doug Dundee scores
Horst Hinkamp to third
Runner from 3rd tries for Home, throw by CF and OUT! 8-2
José Alfaro to third
Pitching: RHP Mario Fajardo
Batting: RHB Juan Sierra 0-0: Ball
1-0: Ball
2-0: Called Strike
2-1: DOUBLE (Line Drive, 78D, EV 100.0 MPH)
José Alfaro scores
Batting: RHB Luis Medina 0-0: Foul Ball, location: 5DF
0-1: Ball
1-1: Fly out, F7 (Flyball, 7, EV 95.0 MPH)
Top of the 6th over - 4 runs, 4 hits, 0 errors, 1 left on base; DSL Oakland 6 - DSL Chicago (N) 2
BOTTOM OF THE 6TH
DSL Chicago (N) Cubs batting - Pitching for DSL Oakland Athletics : RHP Ismael Guerrero
Batting: RHB Cristián Rivera 0-0: Ball
1-0: Foul Ball, location: 2F
1-1: Foul Ball, location: 9LMF
1-2: Ball
2-2: Ground out 6-3 (Groundball, 6, EV 108.1 MPH)
Pitching: LHP Jorge González
Batting: RHB Ernesto Salas 0-0: Ball
1-0: Ball
2-0: Ball
3-0: Base on Balls
Batting: LHB Leonardo González 0-0: Called Strike
0-1: Foul Ball, location: 23FF
0-2: Strikes out swinging
Batting: RHB Alfredo Mercado 0-0: Called Strike
0-1: Ball
1-1: Ground out 4-3 (Groundball, 4S, EV 80.0 MPH)
Bottom of the 6th over - 0 runs, 0 hits, 0 errors, 1 left on base; DSL Oakland 6 - DSL Chicago (N) 2
TOP OF THE 7TH
DSL Oakland Athletics batting - Pitching for DSL Chicago (N) Cubs : RHP Mario Fajardo
Batting: RHB José Benítez 0-0: Ball
1-0: Foul Ball, location: 2F
1-1: Called Strike
1-2: Strikes out looking
Batting: LHB Jesús Cruz 0-0: Called Strike
0-1: Ball
1-1: Called Strike
1-2: Strikes out swinging
Batting: LHB Pete Shipman 0-0: Called Strike
0-1: Ball
1-1: Ball
2-1: Called Strike
2-2: Ball
3-2: Foul Ball, location: 7LSF
3-2: Strikes out swinging
Top of the 7th over - 0 runs, 0 hits, 0 errors, 0 left on base; DSL Oakland 6 - DSL Chicago (N) 2
BOTTOM OF THE 7TH
DSL Chicago (N) Cubs batting - Pitching for DSL Oakland Athletics : LHP Jorge González
Batting: LHB Anastasio Gutiérrez 0-0: Swinging Strike
0-1: Foul Ball, location: 5DF
0-2: Strikes out swinging, 2-3 out at first.
Batting: RHB Alfredo Hernández 0-0: Swinging Strike
0-1: Foul Ball, location: 2F
0-2: Foul Ball, location: 2F
0-2: Strikes out swinging
Batting: LHB Jesús Solís 0-0: Ball
1-0: Called Strike
1-1: Ground out 6-3 (Groundball, 6M, EV 90.0 MPH)
Bottom of the 7th over - 0 runs, 0 hits, 0 errors, 0 left on base; DSL Oakland 6 - DSL Chicago (N) 2
TOP OF THE 8TH
DSL Oakland Athletics batting - Pitching for DSL Chicago (N) Cubs : RHP Mario Fajardo
Batting: RHB Doug Dundee 0-0: Swinging Strike
0-1: Ball
1-1: Swinging Strike
1-2: Ball
2-2: Ball
3-2: Foul Ball, location: 5FF
3-2: Base on Balls
Batting: LHB Horst Hinkamp 0-0: Ball
1-0: Called Strike
1-1: Ball
2-1: Called Strike
2-2: Ball
3-2: Base on Balls
Doug Dundee to second
Pitching: LHP Álex Otero
Batting: RHB Xavier Johnson 0-0: Called Strike
0-1: Ball
1-1: Ball
2-1: Swinging Strike
2-2: Strikes out swinging
Batting: RHB José Alfaro 0-0: Ball
Doug Dundee steals 3rd base
Horst Hinkamp to second
1-0: Ball
2-0: Ball
3-0: Base on Balls
Batting: RHB Juan Sierra 0-0: Called Strike
0-1: Ball
1-1: Foul Ball, location: 3DF
1-2: Ball
2-2: Strikes out looking
Batting: RHB Luis Medina 0-0: Called Strike
0-1: Swinging Strike
0-2: Foul Ball, location: 5F
0-2: Ball
1-2: Foul Ball, location: 3F
1-2: Strikes out looking
Top of the 8th over - 0 runs, 0 hits, 0 errors, 3 left on base; DSL Oakland 6 - DSL Chicago (N) 2
BOTTOM OF THE 8TH
DSL Chicago (N) Cubs batting - Pitching for DSL Oakland Athletics : LHP Jorge González
Batting: LHB José Velázquez 0-0: Swinging Strike
0-1: Called Strike
0-2: Strikes out looking
Batting: RHB Cisco Hernández 0-0: Ball
1-0: Foul Ball, location: 23F
1-1: Ground out U3 (Groundball, 3, EV 83.8 MPH)
Batting: RHB Cristián Rivera 0-0: Called Strike
0-1: Fly out, F7 (Flyball, 7D, EV 95.6 MPH)
Bottom of the 8th over - 0 runs, 0 hits, 0 errors, 0 left on base; DSL Oakland 6 - DSL Chicago (N) 2
TOP OF THE 9TH
DSL Oakland Athletics batting - Pitching for DSL Chicago (N) Cubs : LHP Álex Otero
Batting: RHB José Benítez 0-0: Reached on error, E6 (Groundball, 6, EV 80.6 MPH)
Batting: LHB Jesús Cruz 0-0: Ball
1-0: Ball
2-0: Called Strike
2-1: Foul Ball, location: 3FF
2-2: Foul Ball, location: 2F
2-2: SINGLE (Line Drive, 78M, EV 102.5 MPH)
José Benítez to second
Batting: LHB Pete Shipman 0-0: Ball
1-0: Hit by Pitch
José Benítez to third
Jesús Cruz to second
Batting: RHB Doug Dundee 0-0: Ball
1-0: Called Strike
1-1: Called Strike
1-2: Strikes out looking
Batting: LHB Horst Hinkamp 0-0: Swinging Strike
0-1: Ball
1-1: Called Strike
1-2: Ball
2-2: Ball
3-2: Strikes out swinging
Batting: RHB Xavier Johnson 0-0: Ball
1-0: Swinging Strike
1-1: Swinging Strike
1-2: Strikes out swinging
Top of the 9th over - 0 runs, 1 hit, 1 error, 3 left on base; DSL Oakland 6 - DSL Chicago (N) 2
BOTTOM OF THE 9TH
DSL Chicago (N) Cubs batting - Pitching for DSL Oakland Athletics : LHP Jorge González
Pitching: LHP Bernardo Pacheco
Batting: RHB Ernesto Salas 0-0: Called Strike
0-1: Fly out, F4 (Popup, 3DF, EV 56.3 MPH)
Batting: LHB Leonardo González 0-0: Ball
1-0: SINGLE (Groundball, 4MD, EV 105.6 MPH)
Pinch Hitting: RHB Esteban Garza 0-0: Fly out, F9 (Flyball, 9LMF, EV 79.4 MPH)
Batting: LHB Anastasio Gutiérrez 0-0: Ball
1-0: Called Strike
1-1: Ball
2-1: Ground out 4-3 (Groundball, 34S, EV 85.6 MPH)
Bottom of the 9th over - 0 runs, 1 hit, 0 errors, 1 left on base; DSL Oakland 6 - DSL Chicago (N) 2
Wednesday, April 3rd , 2024 - OOTP Baseball 24.10 Build 82